 Dungeon Crawl Stone Soup version 0.27.1-33-g824d729ab1 (webtiles) character file.

Game seed: 10128010634957129013

45964 nullMove the Severer (level 14, -1/127 HPs)
             Began as a Hill Orc Fighter on Nov 27, 2021.
             Was an Initiate of Gozag.
             Splashed by an oklob plant's acid (16 damage)
             ... on level 5 of the Lair of Beasts.
             The game lasted 02:43:05 (24587 turns).

nullMove the Severer (Hill Orc Fighter)            Turns: 24587, Time: 02:43:10

Health: -1/127     AC: 14    Str: 24    XL:     14   Next: 35%
Magic:  23/23      EV:  9    Int: 12    God:    Gozag
Gold:   4656       SH: 19    Dex: 12    Spells: 13/13 levels left

rFire    + . .     SeeInvis +   a - +4 broad axe "Newtslayer" {drain, Dex+2 SInv}
rCold    . . .     Faith    .   c - +1 kite shield
rNeg     . . .     Spirit   .   D - +3 chain mail
rPois    +         Reflect  +   K - +2 helmet
rElec    .         Harm     .   y - +2 cloak of the Thief {*Fog Slay-2 SInv Stlth+}
rCorr    .         Rampage  .   i - +1 pair of gloves "Quttoalu" {rF+ MP+9 Int+4}
Will     +....                  (no boots)
Stlth    ..........             g - amulet of reflection
HPRegen  0.31/turn              O - +4 ring of slaying
MPRegen  0.18/turn              A - ring of poison resistance

@: about to teleport, corroded
A: no striking features
a: Renounce Religion, Potion Petition, Call Merchant, Bribe Branch


You were on level 5 of the Lair of Beasts.
You worshipped Gozag.
Gozag was most pleased with you.
You visited 3 branches of the dungeon, and saw 18 of its levels.
You also visited: Sewer and Ice Cave.

You collected 5264 gold pieces.
You spent 55 gold pieces at shops.
You paid 553 gold pieces to Gozag.

Inventory:

Hand Weapons
 a - the +4 broad axe "Newtslayer" (weapon) {drain, Dex+2 SInv}
   (You acquired it on level 3 of the Lair of Beasts)

   A truly terrible weapon, it drains the life of any living foe it strikes.
   Dex:       It affects your dexterity (+2).
   SInv:      It lets you see invisible.
 b - the +7 trident of Terra Cotta {vorpal, rC+ MP+9 Int+5}
   (You found it in an ice cave)

   It inflicts extra damage upon your enemies.
   Int:       It affects your intelligence (+5).
   rC:        It protects you from cold.
   MP:        It affects your magic capacity (+9).
 n - a +4 trident of freezing
 F - the +8 whip "Snakebite" {venom, curare, rPois}
   (You found it on level 3 of the Lair of Beasts)

   It poisons the flesh of those it strikes.
   It occasionally inflicts asphyxiating poison on those it strikes, dealing
   poison damage and causing slowness.
   rPois:     It protects you from poison.
Missiles
 I - 40 poisoned darts (quivered)
 J - 6 throwing nets
Armour
 c - a +1 kite shield (worn)
 i - the +1 pair of gloves "Quttoalu" (worn) {rF+ MP+9 Int+4}
   (You acquired it on level 1 of the Dungeon)

   Int:       It affects your intelligence (+4).
   rF:        It protects you from fire.
   MP:        It affects your magic capacity (+9).
 q - the +1 scale mail of Fusmax {Str+5}
   (You found it on level 5 of the Lair of Beasts)

   Str:       It affects your strength (+5).
 y - the +2 cloak of the Thief (worn) {*Fog Slay-2 SInv Stlth+}
   (You acquired it on level 3 of the Lair of Beasts)

   It may release a thick cloud of smoke when the wearer is hurt.
   Slay:      It affects your accuracy & damage with ranged weapons and melee
   (-2).
   SInv:      It lets you see invisible.
   Stlth:     It makes you more stealthy.
 D - a +3 chain mail (worn)
 K - a +2 helmet (worn)
 U - the +0 buckler of Haheacy {rCorr Int-2 Dex+3}
   (You found it on level 12 of the Dungeon)

   Int:       It affects your intelligence (-2).
   Dex:       It affects your dexterity (+3).
   rCorr:     It protects you from acid and corrosion.
Magical Staves
 f - a staff of death
Jewellery
 g - an amulet of reflection (around neck)
 j - a ring of see invisible
 l - a +6 ring of dexterity
 A - a ring of poison resistance (right hand)
 N - a +4 ring of protection
 O - a +4 ring of slaying (left hand)
 V - a ring of positive energy
 W - a ring of protection from fire
 X - a ring of ice
Wands
 k - a wand of iceblast (7)
 x - a wand of charming (5)
 M - a wand of digging (13)
 T - a wand of polymorph (7)
 Z - a wand of paralysis (7)
Scrolls
 s - 2 scrolls of blinking
 t - a scroll of fear
 E - a scroll of fog
 P - a scroll of holy word
 Q - 6 scrolls of teleportation
 R - 2 scrolls of amnesia {unknown}
 S - a scroll of enchant weapon
 Y - a scroll of magic mapping
Potions
 d - 5 potions of might
 e - 3 potions of flight
 h - 2 potions of brilliance
 m - a potion of ambrosia
 o - 5 potions of curing
 p - 2 potions of attraction
 r - 3 potions of cancellation
 u - a potion of invisibility
 v - 3 potions of haste
 w - 2 potions of heal wounds
 z - a potion of resistance {unknown}
 C - a potion of berserk rage
 G - 2 potions of mutation {unknown}
 L - 4 potions of lignification
Miscellaneous
 H - a phial of floods


   Skills:
 + Level 12.3 Fighting
 * Level 17.8 Axes
 * Level 14.3 Armour
 - Level 4.0 Dodging
 + Level 11.3 Shields


You had 13 spell levels left.
You didn't know any spells.
Your spell library contained the following spells:

 Spells                   Type           Power      Damage    Failure   Level
 Fulminant Prism          Conj/Hex       0%         3d6       100%        4
 Iskenderun's Mystic Bla  Conj/Tloc      0%         2d3       100%        4
 Blade Hands              Tmut           0%         N/A       100%        5
 Irradiate                Conj/Tmut      0%         3d14      100%        5
 Iskenderun's Battlesphe  Conj           0%         2d6       100%        5
 Lee's Rapid Deconstruct  Erth           0%         3d5*      100%        5
 Iron Shot                Conj/Erth      0%         9d1       100%        6
 Dragon Form              Tmut           0%         N/A       100%        7
 Spellforged Servitor     Conj/Summ      0%         N/A       100%        7


Dungeon Overview and Level Annotations

Branches:
Dungeon (12/15)            Temple (0/1) D:7            Lair (5/6) D:10
 Shoals (0/4) Lair:4        Snake (0/4) Lair:4        Slime (0/5) Lair:5
    Orc (1/2) D:12          Sewer (visited)           IceCv (visited)

Altars:
Ashenzari
Cheibriados
Gozag
Okawaru
Qazlal
Ru
Sif Muna
Trog
Xom

Shops:
D:1 !   D:4 =   D:8 =

Portals:
Trove: D:11 (give +5 demon whip)

Annotations:
Lair:5 exclusion: oklob plant


Message History

You hit the oklob plant but do no damage.
You hit the oklob plant but do no damage.
The oklob plant spits acid at you.
The splash of acid hits you but does no damage.
You are splashed with acid!
You hit the oklob plant.
The oklob plant is lightly damaged.
The oklob plant spits acid at you.
The splash of acid hits you but does no damage.
The acid corrodes you!
You are splashed with acid!
You hit the oklob plant but do no damage.
The oklob plant spits acid at you. The splash of acid hits you.
You are splashed with acid!
You are too injured to fight recklessly!
Blink to where?
Press: ? - help, Dir - move target, f - you
Okay, then.
As you read the scroll of teleportation, it crumbles to dust.
You feel strangely unstable.
You slash the oklob plant!
The oklob plant is lightly damaged.
You hit the oklob plant.
The oklob plant is lightly damaged.
The oklob plant spits acid at you. The splash of acid hits you!
The acid corrodes you!
You are splashed with acid!
* * * LOW HITPOINT WARNING * * *
You hit the oklob plant.
The oklob plant is moderately damaged.
The oklob plant spits acid at you.
The splash of acid reflects off an invisible shield around you!
The splash of acid hits the oklob plant.
The oklob plant completely resists.
You hit the oklob plant.
The oklob plant is moderately damaged.
The oklob plant spits acid at you. The splash of acid hits you!
* * * LOW HITPOINT WARNING * * *
You are splashed with acid!
You die...
Your body crumbles into a pile of gold.

#....## #.##..##.# #####.......
.....## ######.### #..#........
.....P### ### ##..P...#...
....<...## #.....##...
#.#......####### ##.......#.#
##..#....#..P#.#######....#......
####..........#..##.......#....#
##........###.........#..<...
#.#)........@......#####.....
####.....#.P.....#..# ##.... #
##...###....##..#.# ##... ##
#.#..##.#...##..### ##.... .#
##...####..###### #P.... .###
#...# ##..## #..... ...#
###..P#####P..# ##.....
...####.#..###.##..## ####......
.....#.....##.......####.#......#


You could see an oklob plant.

Vanquished Creatures
  Gastronok (Lair:3)
  Fannar (Lair:3)
  3 boulder beetles
  6 hydras
  A two-headed ogre (D:10)
  A centaur warrior (D:11)
  Erica (D:8)
  A deep elf pyromancer (D:12)
  5 oklob plants
  3 manticores
  2 ugly things (IceCv)
  9 elephants
  10 cane toads
  2 black mambas (Lair:3)
  A gargoyle (D:11)
  3 ice statues (IceCv)
  A torpor snail (Lair:3)
  11 komodo dragons
  Maggie (D:8)
  5 rime drakes
  3 trolls
  2 entropy weaver simulacra (IceCv)
  2 polar bears
  2 merfolk (Lair:4)
  A hornet (D:10)
  6 slime creatures (D:12)
  14 blink frogs
  A shadow (D:11)
  2 water elementals (D:12)
  17 yaks
  A wyvern (Lair:5)
  A vampire (D:9)
  A basilisk (Lair:3)
  Grum (D:10)
  2 death yak simulacra (IceCv)
  A steam dragon (D:9)
  6 vampire mosquitoes (D:12)
  A naga (Lair:4)
  2 acid dragons (D:11)
  16 water moccasins
  2 ice beasts (D:6)
  6 orc warriors
  3 black bears
  2 ogres (D:5)
  11 wolves
  3 centaurs
  The ghost of Cykl0x the Covered, an amateur GrFi (D:3)
  A kobold brigand (D:7)
  6 bullfrogs
  A wyvern zombie (D:6)
  A scorpion (D:5)
  A wyvern skeleton (D:6)
  3 elephant simulacra (IceCv)
  15 wights
  3 howler monkeys (D:8)
  6 electric eels
  4 crimson imps (D:3)
  9 orc priests
  4 hounds
  15 jellies
  A bullfrog skeleton (D:5)
  4 gnoll shamans
  A centaur skeleton (D:5)
  5 iguanas
  17 orc wizards
  A wolf simulacrum (IceCv)
  A hound skeleton (D:4)
  A howler monkey zombie (D:10)
  19 gnolls
  2 howler monkey skeletons
  15 adders
  12 white imps (Lair:5)
  An adder skeleton (D:4)
  A worm (D:5)
  3 dart slugs
  65 orcs
  3 bats
  13 endoplasms
  6 giant cockroaches
  7 goblins
  10 hobgoblins
  11 jackals
  9 quokkas
  13 ball pythons
  8 frilled lizards
  18 kobolds
  4 rats
498 creatures vanquished.

Vanquished Creatures (others)
  A kobold brigand (D:8)
  13 fungi
  77 plants
91 creatures vanquished.

Grand Total: 589 creatures vanquished

Notes
Turn   | Place    | Note
-------+----------+-------------------------------------------
     0 | D:1      | nullMove the Hill Orc Fighter began the quest for the Orb.
     0 | D:1      | Reached XP level 1. HP: 19/19 MP: 1/1
   278 | D:1      | Reached XP level 2. HP: 24/27 MP: 2/2
   294 | D:1      | Reached skill level 3 in Axes
   458 | D:1      | Found Ucoxent's Distillery.
   625 | D:1      | Found a faded altar of an unknown god.
  1073 | D:1      | Reached XP level 3. HP: 30/33 MP: 3/3
  1856 | D:2      | Reached XP level 4. HP: 40/40 MP: 4/4
  1985 | D:3      | Reached skill level 4 in Axes
  2166 | D:3      | Found a runed translucent door.
  2173 | D:3      | Noticed Cykl0x's ghost (amateur GrFi)
  2209 | D:3      | Found a glowing drain.
  2245 | Sewer    | Entered a sewer
  2498 | Sewer    | Reached XP level 5. HP: 46/46 MP: 5/5
  3038 | D:3      | Reached skill level 5 in Axes
  3111 | D:3      | Reached skill level 6 in Axes
  3111 | D:3      | Reached XP level 6. HP: 18/53 MP: 6/6
  3411 | D:3      | Found a shimmering altar of Xom.
  3435 | D:3      | Reached skill level 1 in Dodging
  3588 | D:3      | Reached skill level 5 in Armour
  3860 | D:1      | Bought a potion of heal wounds for 55 gold pieces
  4025 | D:1      | Identified a scroll of acquirement
  4025 | D:1      | Acquired the +1 pair of gloves "Quttoalu" {rF+ MP+9 Int+4}
  4312 | D:3      | Found an opulent altar of Gozag.
  4723 | D:3      | Killed Cykl0x's ghost
  4724 | D:3      | Reached skill level 7 in Axes
  4724 | D:3      | Reached XP level 7. HP: 60/60 MP: 7/7
  4779 | D:4      | Found Gustre's Jewellery Shop.
  5142 | D:4      | Reached skill level 5 in Fighting
  5347 | D:4      | Found the +3 giant club "Skullcrusher" {speed, Str+7}
  5771 | D:5      | Entered Level 5 of the Dungeon
  5841 | D:5      | Reached skill level 8 in Axes
  5952 | D:5      | Reached XP level 8. HP: 64/69 MP: 8/8
  6472 | D:5      | Reached skill level 5 in Shields
  6612 | D:3      | Became a worshipper of Gozag Ym Sagoz the Greedy
  6918 | D:5      | Found a sacrificial altar of Ru.
  6955 | D:6      | Reached skill level 9 in Axes
  7310 | D:6      | Reached XP level 9. HP: 78/78 MP: 9/9
  7324 | D:6      | Reached skill level 10 in Axes
  7572 | D:6      | Noticed a torpor snail
  7605 | D:6      | Found a snail-covered altar of Cheibriados.
  7605 | D:6      | Noticed a torpor snail
  7611 | D:6      | Noticed a torpor snail
  7658 | D:6      | Found a stormy altar of Qazlal.
  7721 | D:6      | Found a shimmering blue altar of Sif Muna.
  7999 | D:7      | Found a staircase to the Ecumenical Temple.
  8189 | D:7      | Reached skill level 11 in Axes
  9105 | D:8      | Found Lyrch's Jewellery Shoppe.
  9139 | D:8      | Reached XP level 10. HP: 88/88 MP: 10/10
  9299 | D:8      | Noticed Erica
  9663 | D:8      | Noticed Maggie
  9681 | D:8      | Killed Maggie
  9746 | D:8      | Killed Erica
  9747 | D:8      | Reached skill level 12 in Axes
  9801 | D:8      | Found an iron altar of Okawaru.
 10318 | D:9      | Found a broken altar of Ashenzari.
 11157 | D:10     | Entered Level 10 of the Dungeon
 11250 | D:10     | Noticed a two-headed ogre
 11304 | D:10     | Killed a two-headed ogre
 11409 | D:10     | Noticed an oklob plant
 11470 | D:10     | Found a staircase to the Lair.
 11591 | D:10     | Reached XP level 11. HP: 88/95 MP: 11/11
 11737 | D:10     | Reached skill level 13 in Axes
 11832 | D:10     | Noticed Grum
 11842 | D:10     | Killed Grum
 12218 | D:10     | Killed an oklob plant
 12363 | Lair:1   | Entered Level 1 of the Lair of Beasts
 12993 | Lair:1   | Noticed a seven-headed hydra
 13017 | Lair:1   | Killed a seven-headed hydra
 13018 | Lair:1   | Reached skill level 10 in Armour
 14062 | Lair:2   | Reached skill level 14 in Axes
 14769 | Lair:2   | Reached XP level 12. HP: 106/106 MP: 12/12
 14779 | Lair:2   | Noticed a five-headed hydra
 14790 | Lair:2   | Killed a five-headed hydra
 14791 | Lair:2   | Reached skill level 10 in Fighting
 15107 | Lair:2   | Found a sacrificial altar of Ru.
 16061 | Lair:3   | Noticed a four-headed hydra
 16078 | Lair:3   | Killed a four-headed hydra
 16096 | Lair:3   | Noticed Fannar
 16215 | Lair:3   | Reached skill level 15 in Axes
 16215 | Lair:3   | Noticed Gastronok
 16660 | D:11     | Noticed a boulder beetle
 16956 | D:11     | Killed a boulder beetle
 17057 | D:11     | Found a portal to a secret trove of treasure.
 17096 | D:11     | Noticed a centaur warrior
 17102 | D:11     | Killed a centaur warrior
 17432 | D:11     | Noticed a boulder beetle
 17458 | D:11     | Killed a boulder beetle
 17703 | D:11     | Reached XP level 13. HP: 116/116 MP: 13/13
 17984 | D:12     | Identified the +0 buckler of Haheacy {rCorr Int-2 Dex+3}
 18030 | D:12     | Reached skill level 10 in Shields
 18295 | D:12     | Reached skill level 16 in Axes
 18582 | D:12     | Found a staircase to the Orcish Mines.
 19285 | Orc:1    | Entered Level 1 of the Orcish Mines
 19481 | Lair:3   | Killed Gastronok
 19681 | Lair:3   | Killed Fannar
 19737 | Lair:3   | Acquired the +4 broad axe "Newtslayer" {drain, Dex+2 SInv}
 19738 | Lair:3   | Acquired 1251 gold pieces
 19739 | Lair:3   | Acquired the +2 cloak of the Thief {*Fog Slay-2 SInv
                  | Stlth+}
 19739 | Lair:3   | Found the +2 cloak of the Thief {*Fog Slay-2 SInv Stlth+}
 20324 | Lair:3   | Found the +8 whip "Snakebite" {venom, curare, rPois}
 20846 | Lair:4   | Found a staircase to the Snake Pit.
 20932 | Lair:4   | Found a staircase to the Shoals.
 21096 | Lair:4   | Reached skill level 17 in Axes
 22133 | Lair:5   | Reached XP level 14. HP: 119/126 MP: 14/14
 22136 | Lair:5   | Found a frozen archway.
 22208 | IceCv    | Entered an ice cave
 22229 | IceCv    | Identified the +7 trident of Terra Cotta {vorpal, rC+ MP+9
                  | Int+5}
 23399 | IceCv    | Identified the +5 arbalest of Doubt {speed, Str-4 Int+9}
 23825 | Lair:5   | Found a staircase to the Slime Pits.
 24274 | Lair:5   | Identified the +1 scale mail of Fusmax {Str+5}
 24392 | Lair:5   | Found a bloodstained altar of Trog.
 24587 | Lair:5   | Splashed by an oklob plant's acid

Illustrated notes

Levels and vault maps discovered:
D:1:      sevenhm_arrival_forest_fort_small_4, layout_basic, serial_shops, shop,
          shapermc_ecumenical_altar_mp_ritualfount
D:2:      layout_loops_ring, kennysheep_generic_room_14
D:3:      layout_basic, nicolae_gozag_cash_rules_everything_around_me,
          led_xom_imps, ebering_ghost_reflecting_pool, gup_sewer_entry_pipe
D:4:      layout_loops_corners, serial_shops, nicolae_shop_trees
D:5:      layout_cave_pods, marbit_many_paths
D:6:      layout_cave_pools, kennysheep_mini_moat, cheibriados_altar_2,
          grunt_qazlal_sundering
D:7:      layout_basic, minmay_temple_entry_slanted, small_statue_alley_b,
          mumra_transporter_accident, minmay_misc_feat_tiny
D:8:      layout_basic, okawaru_metal_pillars_1_2, serial_shops,
          nicolae_shop_statue_plus, uniq_maggie, uniq_erica
D:9:      layout_stronghold, lemuel_crystal_altar, dk_vineyard_2
D:10:     layout_gridville, dpeg_oklobed_lair, uniq_grum
D:11:     layout_loops_ring, nicolae_trove_entry_crossroad,
          kennysheep_generic_room_12
D:12:     layout_big_octagon, hiddenorc2_lemuel, serial_bayou,
          serial_bayou_shore_b, serial_bayou_pond_d, serial_bayou_lake_a,
          serial_bayou_shore_b, serial_bayou_pond_d
Lair:1:   layout_cave_pods, ldierk_geyser, nicolae_quartered_pool_medium,
          chequers_serial_rivers_small_3
Lair:2:   layout_long_grid, basic_altar, grunt_megastairs_4
Lair:3:   minmay_guarded_unrand_snakebite, layout_small_grid, uniq_fannar,
          uniq_gastronok
Lair:4:   layout_regular_city, elwin_shoals_entry_rooms,
          guppyfry_snake_entry_garden, beast_lair_carwin_6,
          infiniplex_staircase_pool_2
Lair:5:   layout_concentric_octagons, minmay_slime_entry_jelly_boxes,
          basic_altar, portal_ice_cave_entry_imps, minmay_lair_oklob_chamber,
          lemuel_fruit_fields
Orc:1:    lemuel_ogre_cave, layout_diamond_mine, serial_shops, shop,
          nicolae_orc_rockfall, uniq_jorgrun

Skill      XL: |  1  2  3  4  5  6  7  8  9 10 11 12 13 14 |
---------------+-------------------------------------------+-----
Axes           | 3 4 6 7 8 9 11 12 14 15 17 | 17.8
Fighting       | 4 5 6 7 8 9 11 12 | 12.3
Armour         | 4 5 6 8 9 10 12 13 14 | 14.3
Dodging        | 1 3 4 |  4.0
Shields        | 4 5 6 7 8 9 10 11 | 11.3

Action                   |  1- 3 |  4- 6 |  7- 9 | 10-12 | 13-15 || total
-------------------------+-------+-------+-------+-------+-------++-------
Melee: War axe           |   106 |   241 |   223 |   378 |   167 ||  1115
       Trident           |       |       |       |    48 |   129 ||   177
       Broad axe         |       |       |       |       |   272 ||   272
Throw: Throwing net      |       |       |     2 |       |       ||     2
       Dart              |       |       |       |     9 |     7 ||    16
Invok: Potion Petition   |       |       |       |     1 |       ||     1
Evoke: Wand              |       |       |     3 |     6 |    39 ||    48
  Use: Scroll            |       |     7 |     4 |     5 |    12 ||    28
       Potion            |       |       |       |       |     3 ||     3
 Stab: Distracted        |       |       |       |     7 |     6 ||    13
       Held in net/web   |       |       |       |     1 |       ||     1
Armor: Scale mail        |    51 |   115 |    45 |     5 |       ||   216
       Plate armour      |       |       |       |    28 |       ||    28
       Chain mail        |       |       |       |    60 |   188 ||   248
Dodge: Dodged            |    34 |    78 |    33 |    57 |   114 ||   316
Block: Kite shield       |    51 |   123 |   131 |   243 |   429 ||   977
       Reflection        |       |     1 |    11 |     5 |     8 ||    25
